AoeStats
← [NICE_ASS] BigMasi

Nomad

508926881Analyzed
4v4 RM · 8d ago on Sep 24, 2026· 35m 1s· 8 players
Game mode
Random Map
Map size
231×231
Population
200
Speed
Normal
Resources
Standard
Victory
Conquest
Starting age
Dark Age
Ending age
Imperial Age
RankedLock teamsTeams togetherTeam positionsShared explorationLock speedFull tech treeHidden civsTurbo modeCheats
Victory
Defeat
🇭🇺 Danes · Hungary
1293
+16
🇨🇭 Varangians · Switzerland
1292
+16
🇹🇷 Saxons · Türkiye
1274
+17
🇫🇷 Burgundians · France
1235
+18
🇫🇷 Saxons · France
1355
-20
🇺🇸 Vikings · United States
1325
-18
🇫🇷 Persians · France
1258
-15
🇮🇩 Berbers · Indonesia
1231
-14
gonzavertigo
8:04 Loom
13:43 Feudal Age
14:17 Double-Bit Axe
18:17 Castle Age
[NICE_ASS] BigMasi
4:41 Loom
14:41 Feudal Age
15:41 Double-Bit Axe
18:33 Castle Age
17:30 Scale Barding Armor
19:04 Bloodlines
19:23 Gold Mining
27:07 Horse Collar
30:00 Chain Barding Armor
35:04 Husbandry
38:01 Imperial Age
scurhun
6:29 Loom
14:40 Feudal Age
15:10 Double-Bit Axe
16:47 Gold Mining
17:41 Stone Mining
20:12 Castle Age
17:57 Horse Collar
19:42 Scale Mail Armor
21:33 Bow Saw
25:41 Squires
27:12 Gambesons
27:45 Chain Mail Armor
28:10 Arson
28:52 Forging
28:47 Elite Skirmisher
29:19 Fletching
34:33 Wheelbarrow
35:06 Gold Shaft Mining
35:23 Heavy Plow
bao
5:20 Loom
10:56 Wheelbarrow
10:43 Double-Bit Axe
11:08 Fishing Lines
15:35 Feudal Age
16:31 Bow Saw
18:03 Gold Mining
20:17 Castle Age
18:10 Horse Collar
19:10 Gillnets
20:43 Forging
20:39 Scale Barding Armor
20:21 Cavalier
21:15 Husbandry
22:35 Two-Man Saw
22:12 Heavy Plow
27:30 Gold Shaft Mining
Sahraoui
5:57 Loom
15:56 Feudal Age
16:37 Double-Bit Axe
20:46 Castle Age
24:34 Fletching
33:49 Forging
33:44 Scale Barding Armor
Aiden
3:27 Loom
13:57 Feudal Age
14:29 Town Watch
17:44 Castle Age
17:07 Double-Bit Axe
19:08 Fletching
22:14 Bow Saw
21:46 Horse Collar
22:47 Gold Mining
24:01 Bodkin Arrow
29:20 Heavy Plow
29:57 Gold Shaft Mining
34:13 Wheelbarrow
36:19 Imperial Age
Im a Smurf
13:21 Feudal Age
13:41 Man-at-Arms
15:02 Gold Mining
17:18 Arson
21:45 Castle Age
19:52 Loom
20:57 Scale Mail Armor
21:07 Forging
20:48 Fishing Lines
21:57 Pikeman
23:05 Forging
23:10 Chain Mail Armor
TempYuraa
5:32 Loom
13:53 Feudal Age
17:50 Castle Age
16:30 Double-Bit Axe
18:28 Horse Collar
19:09 Bow Saw
19:35 Heavy Plow
24:31 Fishing Lines
25:56 Fletching
28:23 Bodkin Arrow
28:29 Padded Archer Armor
30:11 Gillnets
31:26 Gold Mining
31:26 Stone Mining
31:55 Leather Archer Armor
Connection lost

Rejoining the realm…

Still unreachable

The connection could not be restored.

Session expired

The server has moved on; the page needs a fresh start.